 Dungeon Crawl Stone Soup version 0.25.1-2-g60ff931df9 (webtiles) character file.

Game seed: 5466737420552064730

34 Peloso the Shield-Bearer (level 3, 33/33 HPs)
             Began as a Minotaur Fighter on Sept 5, 2020.
             Got out of the dungeon alive.
             The game lasted 00:02:49 (826 turns).

Peloso the Shield-Bearer (Minotaur Fighter)          Turns: 826, Time: 00:02:49

Health: 33/33      AC:  8    Str: 21    XL:     3   Next: 14%
Magic:  2/2        EV:  7    Int:  5    God:
Gold:   70         SH:  9    Dex:  9    Spells: 2/2 levels left

rFire    . . .     SeeInvis .   a - +0 long sword
rCold    . . .     Gourm    .   c - +0 kite shield
rNeg     . . .     Faith    .   b - +0 scale mail
rPois    .         Spirit   .   (helmet restricted)
rElec    .         Reflect  .   (no cloak)
rCorr    .         Harm     .   (no gloves)
MR       .....                  e - +0 pair of boots
Stlth    ..........             (no amulet)
HPRegen  0.11/turn              (no ring)
MPRegen  0.08/turn              (no ring)

@: no status effects
A: retaliatory headbutt, horns 2
a: no special abilities


You escaped.
You were not hungry.

You visited 1 branch of the dungeon, and saw 3 of its levels.

You collected 70 gold pieces.

Inventory:

Hand Weapons
 a - a +0 long sword (weapon)
Missiles
 h - 27 bolts
Armour
 b - a +0 scale mail (worn)
 c - a +0 kite shield (worn)
 e - a +0 pair of boots (worn)
Scrolls
 i - a scroll of amnesia {unknown}
 j - a scroll of enchant armour {unknown}
 k - a scroll of identify {unknown}
 l - a scroll of random uselessness {unknown}
 m - a scroll of remove curse {unknown}
Potions
 d - 2 potions of might
Comestibles
 f - 4 rations
 g - 3 chunks of flesh


   Skills:
 + Level 3.9 Fighting
 + Level 2.9 Long Blades
 + Level 3.8 Armour
 + Level 0.7 Dodging
 + Level 4.3 Shields


You had 2 spell levels left.
You didn't know any spells.
Your spell library was empty.

Dungeon Overview and Level Annotations

Branches:
Dungeon (3/15)

Altars:


Innate Abilities, Weirdness & Mutations

You reflexively headbutt those who attack you in melee.
You have a pair of horns on your head.


Message History

Your headbutt misses the leopard gecko.
The leopard gecko is severely wounded.
You block the leopard gecko's attack.
You hit the leopard gecko.
You kill the leopard gecko!
(D) Dungeon
Where to? (Enter - D:12, ? - help)
What level of the Dungeon? (default 1, ? - help)
There is a stone staircase leading up here.
You climb upwards.
There is a stone staircase leading down here.
There is a stone staircase leading up here.
HP restored.
You climb upwards.
Some of the chunks of flesh in your inventory have rotted away.
There is a stone staircase leading down here.
You see here a whip.
There is a staircase leading out of the dungeon here.
Are you sure you want to leave the Dungeon?
This will make you lose the game!
You have escaped!

#..##.##.# ###.#
#........#####.#
#.###.#####....# #.#
#..........# #.#
#.#######..#
#.###.#.....#..##
#...>.#.........#####
####..#...#####.....#
##.#.#..)#@..#.....# ####
#.##.#.....#.#.###.#####...
#.##.#.#####.#.###.....>...
#.##.#.#.....#......####...
##.#.#..>#...#.###..# ##.#
##..#####...#.# #..#####.#
#..........#.# #....)....
#....#.....#.###..#######
#..#.#######......#


There were no monsters in sight!

Vanquished Creatures
  2 dart slugs
  A leopard gecko (D:3)
  A ball python (D:1)
  A giant cockroach (D:2)
  A goblin (D:2)
  4 hobgoblins (D:1)
  4 jackals
  4 bats (D:1)
  2 frilled lizards
  2 kobolds (D:1)
  4 rats
26 creatures vanquished.

Notes
Turn   | Place    | Note
-------+----------+-------------------------------------------
     0 | D:1      | Peloso the Minotaur Fighter began the quest for the Orb.
     0 | D:1      | Reached XP level 1. HP: 19/19 MP: 0/0
   280 | D:1      | Reached skill level 4 in Shields
   306 | D:1      | Reached XP level 2. HP: 25/27 MP: 1/1
   770 | D:2      | Reached XP level 3. HP: 30/33 MP: 2/2
   826 | D:$      | Got out of the dungeon alive.

Illustrated notes

Levels and vault maps discovered:
D:1:      ebering_trefoil_twist, layout_loops_ring
D:2:      layout_rooms
D:3:      layout_basic, chequers_ecumenical_altar_simple_redux, uniq_robin,
          uniq_natasha

Skill      XL: |  1 |
---------------+----+-----
Shields        | 4 |  4.3
Fighting       | |  3.9
Long Blades    | |  2.9
Armour         | |  3.8
Dodging        | |  0.7

Action                   || total
-------------------------++-------
Melee: Long sword        ||    56
       Headbutt          ||     2
  Use: Potion            ||     2
Armor: Scale mail        ||    43
Dodge: Dodged            ||    22
Block: Kite shield       ||    37
       Rpst.: Long sword ||     6
